 Dungeon Crawl Stone Soup version 0.24-a0-584-g9d6b971 (webtiles) character file.

Game seed: 7085823183892462849, levelgen mode: deterministic

2 ArcanElement the Magician (level 1, 0/10 HPs)
             Began as a Deep Elf Wizard on Aug 29, 2019.
             Slain by a leopard gecko (3 damage)
             ... on level 1 of the Dungeon.
             The game lasted 00:00:22 (85 turns).

ArcanElement the Magician (Deep Elf Wizard)           Turns: 85, Time: 00:00:22

Health: 0/10       AC:  2    Str:  4    XL:     1   Next: 33%
Magic:  0/7        EV: 13    Int: 22    God:
Gold:   0          SH:  0    Dex: 13    Spells: 7/8 levels left

rFire    . . .     SeeInvis .   (no weapon)
rCold    . . .     Gourm    .   (no shield)
rNeg     . . .     Faith    .   a - +0 robe
rPois    .         Spirit   .   b - +0 hat
rElec    .         Reflect  .   (no cloak)
rCorr    .         Harm     .   (no gloves)
MR       .....                  (no boots)
Stlth    ++........             (no amulet)
HPRegen  0.03/turn              (no ring)
MPRegen  0.10/turn              (no ring)

@: no status effects
A: no striking features
a: no special abilities


You were on level 1 of the Dungeon.
You were not hungry.

You visited 1 branch of the dungeon, and saw 1 of its levels.

Inventory:

Armour
 a - a +0 robe (worn)
 b - a +0 hat (worn)
Comestibles
 d - a ration


   Skills:
 + Level 0.2 Fighting
 + Level 2.5 Dodging
 - Level 2.4 Stealth
 + Level 4.4 Spellcasting
 - Level 1.1 Conjurations
   Level 1.1 Summonings
   Level 1.1 Translocations


You had 7 spell levels left.
You knew the following spells:

 Your Spells              Type           Power        Failure   Level  Hunger
a - Magic Dart            Conj           #...         7%          1    None

Your spell library contained the following spells:

 Spells                   Type           Power        Failure   Level  Hunger
 Blink                    Tloc           N/A          11%         2    #......
 Call Imp                 Summ           #.......     11%         2    #......
 Slow                     Hex            #.......     16%         2    #......
 Conjure Flame            Conj/Fire      #.......     26%         3    ##.....
 Mephitic Cloud           Conj/Pois/Air  #.......     28%         3    ##.....


Dungeon Overview and Level Annotations

Branches:
Dungeon (1/15)

Altars:


Message History

Confirm with . or Enter, or press ? or * to list all spells.
Aiming: Magic Dart (safe; 7% risk of failure)
Press: ? - help, Shift-Dir - straight line, f - giant cockroach
Aim: a giant cockroach (severely wounded, clinging)
The magic dart hits the giant cockroach.
You kill the giant cockroach!
The leopard gecko hisses menacingly.
There is an open door here.
The leopard gecko bites you.
* * * LOW HITPOINT WARNING * * *
Casting: Magic Dart (safe; 7% risk of failure)
Confirm with . or Enter, or press ? or * to list all spells.
Aiming: Magic Dart (safe; 7% risk of failure)
Press: ? - help, Shift-Dir - straight line, f - leopard gecko
Aim: a leopard gecko (clinging)
The magic dart hits the leopard gecko.
The leopard gecko is heavily wounded.
The leopard gecko hisses menacingly.
The leopard gecko bites you.
You die...

.... ##.#....#
...
####.#$...#####
#...†..........
#.###....######
#.# #....#
###'###†..##
#H#.#g##..#
###l####..#
#i#@#p##..#
###.#####.#
#N#.#K# .#
###.### #x#.#p#
###.### #.#.#n#
###.### #e#.#V#


You could see a demigod, a spriggan and a leopard gecko.

Vanquished Creatures
  A giant cockroach (D:1)
  A bat (D:1)
  A frilled lizard (D:1)
3 creatures vanquished.

Notes
Turn   | Place    | Note
-------+----------+-------------------------------------------
     0 | D:1      | ArcanElement the Deep Elf Wizard began the quest for the
                  | Orb.
     0 | D:1      | Reached XP level 1. HP: 10/10 MP: 7/7
     2 | D:1      | Noticed a tengu
     2 | D:1      | Noticed an ogre
     4 | D:1      | Noticed a formicid
     6 | D:1      | Noticed a felid
     6 | D:1      | Noticed a gargoyle
     8 | D:1      | Noticed a human
    10 | D:1      | Noticed a demonspawn
    10 | D:1      | Noticed a merfolk
    12 | D:1      | Noticed a centaur
    12 | D:1      | Noticed a troll
    14 | D:1      | Noticed a draconian
    14 | D:1      | Noticed a vine stalker
    16 | D:1      | Noticed an elf
    16 | D:1      | Noticed a vampire
    18 | D:1      | Noticed a ghoul
    20 | D:1      | Noticed an octopode
    20 | D:1      | Noticed a halfling
    22 | D:1      | Noticed a naga
    24 | D:1      | Noticed a spriggan
    24 | D:1      | Noticed a demigod
    26 | D:1      | Noticed a minotaur
    26 | D:1      | Noticed a dwarf
    85 | D:1      | Slain by a leopard gecko

Levels and vault maps discovered:
D:1:      kb_arrival_jail, layout_basic

Action                   || total
-------------------------++-------
 Cast: Magic Dart        ||    11
Armor: Robe              ||     4
Dodge: Dodged            ||    15

Table legend:
 A = Non-vault XP
 B = Vault XP
 C = Vault XP percentage of total XP
 D = Non-vault monster count
 E = Vault monster count
 F = Vault count percentage of total count
                 A         B        C        D         E       F
            +---------+---------+-------+---------+---------+-------
      Total |       4 |       0 |   0.0 |       3 |       0 |   0.0
            +---------+---------+-------+---------+---------+-------
        D:1 |       4 |       0 |   0.0 |       3 |       0 |   0.0
            +---------+---------+-------+---------+---------+-------
